 Dungeon Crawl Stone Soup version 0.16-a0-3843-ged98c6c (console) character file.

139 mauris the Changer (level 5, -3/37 HPs)
             Began as a Merfolk Transmuter on Jan 30, 2015.
             Slain by an orc
             ... wielding a +0 trident
              (4 damage)
             ... on level 3 of the Dungeon.
             The game lasted 00:04:02 (2312 turns).

mauris the Changer (Merfolk Transmuter)             Turns: 2312, Time: 00:04:03

Health: -3/37      AC:  2    Str: 11    XL:     5   Next: 22%
Magic:  5/9        EV: 21    Int: 13    God:
Gold:   100        SH:  0    Dex: 19    Spells: 2 memorised, 4 levels left

rFire  . . .     SeeInvis .       - Unarmed
rCold  . . .     Clarity  .     c - melded +0 robe
rNeg   . . .     SustAb   .     (shield currently unavailable)
rPois  x         Gourm    .     (helmet currently unavailable)
rElec  .         Spirit   .     (cloak currently unavailable)
rCorr  .         Warding  .     (gloves currently unavailable)
rMut   .         Stasis   .     (boots currently unavailable)
MR     .....                    (no amulet)
Stlth  ++........               (no ring)
                                (no ring)

@: spider-form, not resistant to hostile enchantments, unstealthy
A: (change form in water), (swift swim)
a: End Transformation


You were on level 3 of the Dungeon.
You were not hungry.
You were a venomous arachnid creature.
You visited 1 branch of the dungeon, and saw 3 of its levels.

You collected 100 gold pieces.

Inventory:

Missiles
 b - 78 arrows
Armour
 c - a +0 robe (melded)
Scrolls
 e - a scroll of immolation {unknown}
 l - a scroll of identify {unknown}
Potions
 k - a potion of cancellation
Books
 d - a book of Changes

   Spells                             Type                      Level
   a - Beastly Appendage              Transmutation                1
   b - Sticks to Snakes               Transmutation                2
   c - Spider Form                    Transmutation/Poison         3
   d - Ice Form                       Ice/Transmutation            4
   e - Blade Hands                    Transmutation                5
Comestibles
 a - a bread ration
 f - 6 fruits
 g - a chunk of flesh
 i - a slice of pizza


   Skills:
 - Level 1.1 Fighting
 - Level 2.6 Dodging
 - Level 3.2 Unarmed Combat
 - Level 2.0 Spellcasting
 - Level 6.0 Transmutations
 + Level 2.5 Poison Magic


You had 4 spell levels left.
You knew the following spells:

 Your Spells              Type           Power        Failure   Level  Hunger
a - Beastly Appendage     Trmt           ###...       8%          1    ##.....
b - Spider Form           Trmt/Pois      ##........   32%         3    ####...


Dungeon Overview and Level Annotations

Branches:
Dungeon (3/15)

Altars:
Ashenzari


Message History

A goblin comes into view. It is wielding a club.
The goblin shouts!
Read which item? (? for menu, Esc to quit)
Okay, then.
Press: ? - help, v - describe, . - travel
Here: a goblin, wielding a club The floor.
Casting: Spider Form
Confirm with . or Enter, or press ? or * to list all spells.
You turn into a venomous arachnid creature.
Your +0 robe melds into your body.
The goblin hits you with a club.
* * * LOW HITPOINT WARNING * * *
Huge Dmg: -3%(-1hp) hp: 3%(1hp)
You hit the goblin.
The goblin is severely wounded.
The orc completely misses you. The goblin completely misses you.
You hit the goblin.
You kill the goblin!
The orc hits you from afar with a trident.
You die...

#.................#####
#.############.........
#.#.............#.##### #.#
#######.....# # #.#
#<..........+ . #.#
#######.....# .. #.# .>....+
... ######.#########.....#
..####......roo.s)..........
..#_'..#####################
..####..o.o.r.......# ...
##############.###########.
.. ..%.........)........ .
........o.........?.
....................#
................?.#.
.................#


You could see 2 orcs and a rat.

Vanquished Creatures
  An orc priest (D:3)
  4 adders
  2 worms
  2 giant geckos (D:1)
  An orc (D:3)
  A ball python (D:2)
  3 giant cockroaches
  9 goblins
  13 hobgoblins
  5 jackals
  6 kobolds
  7 bats
  A giant newt (D:1)
  8 rats
63 creatures vanquished.

Notes
Turn   | Place    | Note
--------------------------------------------------------------
     0 | D:1      | mauris, the Merfolk Transmuter, began the quest for the Orb.
     0 | D:1      | Reached XP level 1. HP: 15/15 MP: 3/3
    30 | D:1      | You fall through a shaft!
    34 | D:2      | Reached XP level 2. HP: 15/21 MP: 1/4
    69 | D:1      | Reached skill level 4 in Transmutations
   274 | D:1      | Huge Dmg: 4 Dmg
   335 | D:1      | Reached XP level 3. HP: 22/26 MP: 4/6
   344 | D:1      | Learned a level 3 spell: Spider Form
   884 | D:1      | Reached skill level 5 in Transmutations
  1080 | D:2      | Huge Dmg: 5 Dmg
  1302 | D:2      | Huge Dmg: 7 Dmg
  1306 | D:2      | Reached XP level 4. HP: 9/32 MP: 2/7
  1319 | D:2      | Huge Dmg: 4 Dmg
  1321 | D:2      | Huge Dmg: 5 Dmg
  1503 | D:2      | Huge Dmg: 6 Dmg
  1981 | D:2      | Reached skill level 6 in Transmutations
  2118 | D:3      | Reached skill level 1 in Poison Magic
  2240 | D:3      | Found a shattered altar of Ashenzari.
  2268 | D:3      | Reached XP level 5. HP: 31/37 MP: 6/9
  2270 | D:3      | Huge Dmg: 6 Dmg
  2271 | D:3      | Huge Dmg: 7 Dmg
  2274 | D:3      | Huge Dmg: 4 Dmg
  2275 | D:3      | Huge Dmg: 5 Dmg
  2276 | D:3      | Huge Dmg: 4 Dmg
  2284 | D:3      | Huge Dmg: 7 Dmg
  2287 | D:3      | Huge Dmg: 2 Dmg
  2290 | D:3      | Huge Dmg: 1 Dmg
  2294 | D:3      | Huge Dmg: 1 Dmg
  2298 | D:3      | Huge Dmg: 1 Dmg
  2302 | D:3      | Huge Dmg: 1 Dmg
  2305 | D:3      | HP: 1/37 [poisoned by an adder]
  2306 | D:3      | Huge Dmg: 1 Dmg
  2310 | D:3      | HP: 1/37 [goblin/club (1)]
  2311 | D:3      | Huge Dmg: 1 Dmg
  2312 | D:3      | Slain by an orc

Action                   |  1- 3 |  4- 6 || total
-------------------------+-------+-------++-------
Melee: Unarmed           |   119 |    98 ||   217
 Cast: Beastly Appendage |    19 |    11 ||    30
       Spider Form       |     2 |     4 ||     6
  Use: Potion            |       |     5 ||     5
       Scroll            |       |     2 ||     2
  Eat: Chunk             |     2 |     4 ||     6

Vault maps used:
D:1:      dpeg_arrival_orchard
D:3:      ashenzari_conservatory_becter, grunt_qazlal_clouds, first_bread
